AoeStats
← denveurs61

Highland

506299349Analyzed
4v4 RM · 19d ago on Sep 13, 2026· 55m 11s· 8 players
Game mode
Random Map
Map size
Large (8 player)
Population
200
Speed
Normal
Resources
Standard
Victory
Conquest
Starting age
Dark Age
Ending age
Imperial Age
RankedLock teamsTeams togetherTeam positionsShared explorationLock speedFull tech treeHidden civsTurbo modeCheats
Victory
Defeat
🇺🇸 Spanish · United States
968
+16
🇫🇷 Franks · France
960
+16
🇳🇿 Tupi · New Zealand
957
+16
🇺🇸 Teutons · United States
944
+17
🇲🇽 Mongols · Mexico
1232
-27
🇵🇪 Mongols · Peru
906
-14
🇲🇽 Celts · Mexico
905
-23
🇲🇽 Spanish · Mexico
804
-10
LedgenP
11:27 Feudal Age
15:59 Castle Age
13:52 Double-Bit Axe
22:31 Wheelbarrow
23:27 Horse Collar
24:01 Bow Saw
24:52 Pikeman
25:32 Squires
25:21 Arson
27:41 Padded Archer Armor
27:31 Fletching
27:52 Forging
27:42 Scale Mail Armor
30:33 Leather Archer Armor
30:14 Bodkin Arrow
29:48 Elite Skirmisher
32:25 Hand Cart
39:42 Imperial Age
38:17 Gold Mining
40:09 Ballistics
39:59 Fortified Wall
40:02 Masonry
40:59 Heavy Plow
42:01 Two-Man Saw
40:54 Stone Mining
42:49 Ring Archer Armor
42:35 Chain Mail Armor
42:56 Iron Casting
46:05 Chemistry
45:33 Halberdier
48:40 Elite Teutonic Knight
49:41 Conscription
51:10 Bombard Tower
52:10 Plate Mail Armor
52:40 Blast Furnace
雷欧聊世纪-天天都更新
5:23 Loom
12:54 Feudal Age
16:04 Horse Collar
16:14 Double-Bit Axe
18:58 Castle Age
17:25 Fletching
18:31 Scale Mail Armor
19:06 Pikeman
21:43 Bodkin Arrow
22:03 Medium Warships
25:56 Bow Saw
27:31 Wheelbarrow
27:58 Heavy Plow
32:51 Imperial Age
30:19 Stone Mining
31:01 Ballistics
31:45 Town Watch
32:17 Hand Cart
32:08 Gold Mining
32:24 Squires
34:51 Chemistry
34:07 Masonry
34:27 Bracer
37:14 Town Patrol
37:38 Scale Barding Armor
37:37 Cavalier
38:28 Bloodlines
38:18 Husbandry
39:01 Chain Barding Armor
39:48 Architecture
39:51 Paladin
41:16 Plate Barding Armor
41:28 Caravan
41:14 Halberdier
42:55 Forging
45:10 Two-Man Saw
denveurs61
11:01 Feudal Age
9:19 Loom
12:25 Wheelbarrow
11:40 Double-Bit Axe
21:27 Castle Age
23:17 Caravan
23:48 Coinage
23:38 Pikeman
24:18 Squires
25:08 #83
25:31 Bow Saw
25:22 Gold Mining
25:24 Stone Mining
26:30 Scale Mail Armor
26:47 Husbandry
28:40 Scale Barding Armor
29:50 Chain Barding Armor
32:40 Hand Cart
32:42 Elite Skirmisher
35:11 Forging
35:17 Chain Mail Armor
37:22 Gold Shaft Mining
37:37 Iron Casting
40:55 Imperial Age
40:17 Padded Archer Armor
40:08 Fletching
40:58 Elite Throwing Axeman
43:21 Chemistry
42:38 Cavalier
42:56 Halberdier
45:56 Paladin
50:04 Banking
51:11 Plate Barding Armor
51:37 Blast Furnace
51:08 Plate Mail Armor
51:07 Leather Archer Armor
50:48 Bodkin Arrow
52:26 Light Cavalry
adam
3:48 Loom
11:35 Feudal Age
12:15 Double-Bit Axe
11:53 Champi Runner
21:05 Castle Age
19:37 Forging
21:01 Wheelbarrow
20:35 Scale Mail Armor
20:39 Arson
20:42 Horse Collar
20:53 Gold Mining
22:10 Champi Warrior
22:50 Squires
24:52 Hand Cart
24:41 Heavy Plow
24:37 Pikeman
25:25 Stone Mining
28:44 Chain Mail Armor
29:04 Iron Casting
30:23 Bow Saw
30:21 Treadmill Crane
37:17 Imperial Age
35:02 Fletching
36:46 Redemption
37:50 Gold Shaft Mining
37:44 Caciques
38:25 Conscription
39:19 Two-Man Saw
39:28 Ballistics
40:09 Chemistry
39:12 Elite Champi Warrior
40:09 Murder Holes
39:45 Capped Ram
45:32 Plate Mail Armor
44:35 Siege Ram
52:56 Elite Blackwood Archer
54:42 Bodkin Arrow
54:48 Padded Archer Armor
RaGNaR
13:35 Feudal Age
12:29 Loom
14:56 Double-Bit Axe
18:28 Castle Age
20:54 Horse Collar
21:41 Man-at-Arms
29:34 Forging
30:44 Long Swordsman
31:39 Heavy Plow
34:31 Pikeman
36:45 Wheelbarrow
36:00 Town Watch
37:30 Bow Saw
37:32 Stone Mining
37:32 Gold Mining
38:01 Hand Cart
40:28 Imperial Age
38:14 Masonry
37:48 Treadmill Crane
38:04 Murder Holes
42:12 Chemistry
41:32 Ballistics
41:42 Elite Woad Raider
42:05 Cavalier
48:05 Stronghold
51:24 Fortified Wall
Reyesrules10
0:47 Loom
12:32 Feudal Age
18:48 Castle Age
25:19 Inquisition
34:21 Arson
37:58 Imperial Age
35:46 Squires
35:51 Horse Collar
37:07 Wheelbarrow
36:27 Gold Mining
36:31 Stone Mining
37:36 Heavy Plow
37:43 Double-Bit Axe
37:43 Pikeman
39:02 Conscription
39:19 Bow Saw
39:07 Gambesons
38:46 Man-at-Arms
41:21 Two-Man Saw
40:01 Long Swordsman
41:31 Hand Cart
42:44 Chemistry
47:17 Elite Conquistador
El Último Rey
11:05 Feudal Age
17:03 Castle Age
16:04 Double-Bit Axe
16:27 Gold Mining
18:14 Horse Collar
20:59 Wheelbarrow
21:07 Bow Saw
26:55 Thumb Ring
26:49 Fletching
32:10 Imperial Age
32:03 Heavy Plow
33:22 Town Watch
34:19 Scale Barding Armor
34:14 Padded Archer Armor
34:24 Forging
36:11 Conscription
36:17 Bloodlines
36:08 Husbandry
35:29 Light Cavalry
37:19 Iron Casting
37:30 Light Cavalry
39:27 Blast Furnace
39:08 Hand Cart
38:39 Loom
39:04 Cavalier
39:08 Hussar
41:28 Chain Barding Armor
41:31 Leather Archer Armor
48:26 Heavy Scorpion
romore
10:05 Feudal Age
8:43 Loom
17:52 Bloodlines
19:46 Castle Age
36:48 Imperial Age
35:28 Nomads
36:17 Wheelbarrow
35:37 Double-Bit Axe
37:24 Heavy Scorpion
39:00 Drill
39:40 Hand Cart
39:12 Town Watch
40:48 Conscription
45:13 Bow Saw
Connection lost

Rejoining the realm…

Still unreachable

The connection could not be restored.

Session expired

The server has moved on; the page needs a fresh start.